 Dungeon Crawl Stone Soup version 0.30-a0-170-g85af917532 (webtiles) character file.

Game seed: 12412847430057862976

949 qw the Chopper (level 8, -2/49 HPs)
             Began as a Gargoyle Fighter on Sept 30, 2022.
             Was an Initiate of Okawaru.
             Slain by a gnoll
             ... wielding a +0 spear
             ... led by a gnoll sergeant
              (3 damage)
             ... on level 6 of the Dungeon.
             The game lasted 00:02:02 (6579 turns).

qw the Chopper (Gargoyle Fighter)                   Turns: 6579, Time: 00:02:03

Health: -2/49      AC: 17    Str: 19 (22) XL:     8   Next: 13%
Magic:  8/8        EV:  7    Int:  7 (9)  God:    Okawaru [......]
Gold:   309        SH:  4    Dex:  7 (9)  Spells: 7/7 levels left

rFire   . . .      SeeInvis .    Y - +0 war axe
rCold   . . .      Faith    .    c - +0 buckler
rNeg    + . .      Spirit   .    k - +0 chain mail
rPois   inf        Reflect  .    j - +0 helmet
rElec   +          Harm     .    (no cloak)
rCorr   .          Rampage  .    f - +0 pair of gloves
Will    .....                    (no boots)
Stlth   ..........               (no amulet)
HPRegen 0.16/turn                (no ring)
MPRegen 0.11/turn                (no ring)

@: no status effects
A: sickness immunity, AC +5, negative energy resistance 1, electricity
resistance, torment resistance 1, petrification resistance
a: Renounce Religion


You were on level 6 of the Dungeon.
You worshipped Okawaru.
Okawaru was noncommittal.
You visited 2 branches of the dungeon, and saw 7 of its levels.

You collected 309 gold pieces.


Innate Abilities, Weirdness & Mutations

You are immune to sickness and miasma.
Your stone body is resilient. (AC +5)
You are immune to poison.
You resist negative energy. (rN+)
You are resistant to electric shocks. (rElec)
You are resistant to unholy torment.
You are immune to petrification.


   Skills:
 - Level 5.1 Fighting
 - Level 7.0 Axes
 - Level 1.5 Throwing
 + Level 3.5 Armour
 - Level 1.8 Dodging
 - Level 3.2 Shields


You had 7 spell levels left.
You didn't know any spells.
Your spell library was empty.

Inventory:

Hand Weapons
 g - a +0 flail
 Y - a +0 war axe (weapon)
Missiles
 b - 2 boomerangs (quivered)
Armour
 c - a +0 buckler (worn)
 f - a +0 pair of gloves (worn)
 i - a +2 ring mail of fire resistance
 j - a +0 helmet (worn)
 k - a +0 chain mail (worn)
Scrolls
 a - a scroll of identify
Potions
 d - a potion of might
 m - a potion of attraction
 n - a potion of curing
 o - a potion of lignification
 p - a potion of invisibility {unknown}

Dungeon Overview and Level Annotations

Branches:
Dungeon (6/15)             Temple (1/1) D:5

Altars:
Dithmenos
Fedhas
Gozag
Hepliaklqana
Nemelex Xobeh
Okawaru
Qazlal
Ru
Sif Muna
Trog
Yredelemnul
Zin
The Shining One

Shops:
D:5 *


Message History

You barely miss the gnoll. The gnoll misses you.
The gnoll hits you but does no damage. x2
The gnoll sergeant hits you but does no damage.
You completely miss the gnoll sergeant.
The gnoll sergeant is almost dead.
You slash the gnoll!
You kill the gnoll!
Okawaru accepts your kill.
The gnoll hits you from afar with a +0 spear.
You block the gnoll's attack.
The gnoll sergeant hits you with a +1 trident of freezing.
The gnoll sergeant freezes you.
You barely miss the gnoll sergeant.
The gnoll sergeant is almost dead.
You hit the scorpion but do no damage. The scorpion barely misses you.
You block the gnoll's attack.
The gnoll hits you from afar with a +0 halberd!
The gnoll sergeant hits you but does no damage.
The scorpion stings you but does no damage.
You hit the gnoll sergeant but do no damage.
The gnoll sergeant is almost dead.
You barely miss the scorpion. The gnoll hits you but does no damage.
The gnoll sergeant hits you but does no damage.
You block the gnoll's attack. The scorpion stings you.
You block the gnoll's attack. The gnoll hits you but does no damage.
The gnoll sergeant hits you with a +1 trident of freezing.
The gnoll sergeant freezes you.
You hit the gnoll sergeant.
The gnoll sergeant is almost dead.
You hit the scorpion but do no damage.
The scorpion stings you but does no damage.
You block the gnoll's attack. The gnoll sergeant closely misses you.
The gnoll closely misses you. The scorpion closely misses you.
You barely miss the gnoll sergeant.
The gnoll sergeant is almost dead.
You hit the scorpion but do no damage. The scorpion barely misses you.
The gnoll hits you from afar with a +0 spear.
You die...

#....###.#
###### #.#
#.## #..#
##.###
#...##
##...###
#..#...####
#..####..@g#
#.# ####sg#
#. .g... #.
....... #
.......
###.... ~.~
.... ##.##
... ~~.~~


You could see a gnoll sergeant, a scorpion and 2 gnolls.

Vanquished Creatures
  A water moccasin (D:5)
  A black bear (D:5)
  An ogre (D:4)
  An ice beast (D:5)
  3 phantoms
  A scorpion (D:3)
  A jelly (D:4)
  An orc priest (D:5)
  An iguana (D:5)
  2 orc wizards
  3 adders
  2 gnolls (D:6)
  A shadow imp (D:6)
  2 dart slugs
  15 orcs
  9 ball pythons
  5 endoplasms
  3 giant cockroaches
  3 goblins
  11 hobgoblins
  7 jackals (D:2)
  3 quokkas
  13 bats
  5 frilled lizards
  6 kobolds
  4 rats
105 creatures vanquished.

Notes
Turn   | Place    | Note
-------+----------+-------------------------------------------
     0 | D:1      | qw the Gargoyle Fighter began the quest for the Orb.
     0 | D:1      | Reached XP level 1. HP: 14/14 MP: 1/1
     0 | D:1      | 0 ||| qw: Version: 0.2-a-12-gaebbb33
     0 | D:1      | 0 ||| qw: Game counter: 1528
     0 | D:1      | 0 ||| qw: Always use a shield: true
     0 | D:1      | 0 ||| qw: God list: Okawaru
     0 | D:1      | 0 ||| qw: Allow faded altars: false
     0 | D:1      | 0 ||| qw: Do Orc after D:15 true
     0 | D:1      | 0 ||| qw: Do second Lair branch before Depths: true
     0 | D:1      | 0 ||| qw: Lair rune preference: random
     0 | D:1      | 0 ||| qw: Plans: Normal, Zot:1-4, God:TSO, Crypt, Tomb,
                  | Pan, Slime:5, Hells, Abyss, Orb
     0 | D:1      | 0 ||| PLANNING D:1-11
    12 | D:1      | Found a faded altar of an unknown god.
    60 | D:1      | Reached skill level 2 in Axes
   156 | D:1      | Reached XP level 2. HP: 9/19 MP: 2/2
   175 | D:1      | 175 ||| Stepping ~*~*~tactically~*~*~ (stealth).
   734 | D:1      | Reached skill level 3 in Axes
   808 | D:1      | Reached XP level 3. HP: 15/23 MP: 3/3
  1048 | D:1      | 1048 ||| UPGRADING to +0 pair of gloves.
  1053 | D:1      | 1053 ||| UPGRADING to +0 helmet.
  1058 | D:1      | 1058 ||| UPGRADING to +0 chain mail.
  1068 | D:1      | 1068 ||| DROPPING +0 scale mail.
  1069 | D:1      | 1069 ||| READING scroll labelled DOHUZI CEOSK.
  1170 | D:1      | 1170 ||| READING scroll labelled XIULUR SIEDU.
  1173 | D:1      | 1173 ||| READING scroll labelled SIYGYEP PUGE.
  1187 | D:2      | You fall into a shaft and drop 1 floor!
  1281 | D:2      | 1281 ||| Stepping ~*~*~tactically~*~*~ (stealth).
  1349 | D:2      | 1349 ||| Stepping ~*~*~tactically~*~*~ (hiding).
  1644 | D:2      | 1644 ||| Stepping ~*~*~tactically~*~*~ (stealth).
  1645 | D:2      | 1645 ||| Stepping ~*~*~tactically~*~*~ (stealth).
  2123 | D:2      | 2123 ||| READING scroll labelled DULOLOU BIEC.
  2124 | D:2      | 2124 ||| READING scroll labelled EDGHOI AGUTA.
  2125 | D:2      | 2125 ||| READING 2 scrolls labelled FEQOEW ZEISHRU FEA.
  2126 | D:2      | 2126 ||| READING scroll labelled ESMIZU MOVE.
  2127 | D:2      | 2127 ||| DROPPING scroll of vulnerability.
  2298 | D:3      | Reached XP level 4. HP: 28/28 MP: 4/4
  2300 | D:3      | 2300 ||| Stepping ~*~*~tactically~*~*~ (hiding).
  2312 | D:3      | Reached skill level 4 in Axes
  2772 | D:3      | Noticed a scorpion
  2777 | D:3      | Killed a scorpion
  2778 | D:3      | Reached XP level 5. HP: 30/32 MP: 5/5
  3210 | D:3      | Reached skill level 5 in Axes
  3272 | D:3      | 3272 ||| READING scroll labelled DORIST QOMM.
  3273 | D:3      | 3273 ||| DRINKING 2 puce potions.
  3293 | D:3      | 3293 ||| READING 2 scrolls of identify.
  3293 | D:3      | 3293 ||| IDENTIFYING white potion
  3294 | D:3      | 3294 ||| DROPPING potion of brilliance.
  3387 | D:4      | Noticed an ogre
  3395 | D:4      | HP: 5/32 [ogre/+0 giant club (6)]
  3396 | D:4      | 3396 ||| READING scroll of teleportation.
  3398 | D:4      | Killed an ogre
  3399 | D:4      | Reached XP level 6. HP: 6/39 MP: 6/6
  3675 | D:4      | 3675 ||| Stepping ~*~*~tactically~*~*~ (hiding).
  4456 | D:4      | 4456 ||| Stepping ~*~*~tactically~*~*~ (stealth).
  4615 | D:4      | 4615 ||| READING scroll labelled JUFAEB ZEUC KYFI.
  4672 | D:4      | 4672 ||| READING scroll labelled POJUEXZ PUATZ.
  4700 | D:5      | Entered Level 5 of the Dungeon
  4704 | D:5      | Noticed an ice beast
  4723 | D:5      | Killed an ice beast
  4876 | D:5      | 4876 ||| Stepping ~*~*~tactically~*~*~ (hiding).
  4877 | D:5      | 4877 ||| Stepping ~*~*~tactically~*~*~ (hiding).
  4918 | D:5      | 4918 ||| Stepping ~*~*~tactically~*~*~ (stealth).
  4919 | D:5      | 4919 ||| Stepping ~*~*~tactically~*~*~ (stealth).
  4920 | D:5      | 4920 ||| Stepping ~*~*~tactically~*~*~ (stealth).
  4936 | D:5      | Reached skill level 6 in Axes
  4936 | D:5      | Reached XP level 7. HP: 28/44 MP: 7/7
  4986 | D:5      | 4986 ||| Stepping ~*~*~tactically~*~*~ (stealth).
  4999 | D:5      | 4999 ||| FLEEEEING.
  5002 | D:5      | 5002 ||| FLEEEEING.
  5003 | D:5      | 5003 ||| FLEEEEING.
  5004 | D:5      | 5004 ||| FLEEEEING.
  5005 | D:5      | 5005 ||| FLEEEEING.
  5006 | D:5      | 5006 ||| FLEEEEING.
  5007 | D:5      | 5007 ||| FLEEEEING.
  5008 | D:5      | 5008 ||| STAIRDANCE
  5046 | D:4      | 5046 ||| DRINKING 2 purple potions.
  5062 | D:5      | Reached skill level 1 in Dodging
  5062 | D:5      | 5062 ||| STAIRDANCE
  5133 | D:5      | Found Extar's Overcharged Wands.
  5137 | D:5      | 5137 ||| DROPPING +0 mace.
  5144 | D:5      | 5144 ||| SHOPLISTING wand of digging (11) (693 gold, have
                  | 230).
  5201 | D:5      | 5201 ||| Stepping ~*~*~tactically~*~*~ (stealth).
  5234 | D:5      | 5234 ||| Stepping ~*~*~tactically~*~*~ (stealth).
  5253 | D:5      | Found a staircase to the Ecumenical Temple.
  5254 | D:5      | 5254 ||| PLANNING TEMPLE
  5263 | Temple   | Entered the Ecumenical Temple
  5273 | Temple   | 5273 ||| PLANNING OKAWARU WORSHIP
  5445 | Temple   | 5445 ||| READING scroll labelled GUTTAL FARGHEUD.
  5461 | Temple   | Became a worshipper of Warmaster Okawaru
  5462 | Temple   | 5462 ||| PLANNING D:1-11
  5516 | D:5      | Reached skill level 7 in Axes
  5908 | D:5      | Reached XP level 8. HP: 49/49 MP: 8/8
  6042 | D:5      | 6042 ||| DRINKING 2 bubbling silvery potions.
  6043 | D:5      | 6043 ||| READING 3 scrolls of identify.
  6043 | D:5      | 6043 ||| IDENTIFYING bubbling emerald potion
  6044 | D:5      | 6044 ||| READING 2 scrolls of identify.
  6044 | D:5      | 6044 ||| IDENTIFYING cyan potion
  6045 | D:5      | 6045 ||| DROPPING potion of degeneration.
  6112 | D:6      | Reached skill level 1 in Throwing
  6243 | D:6      | 6243 ||| Stepping ~*~*~tactically~*~*~ (hiding).
  6261 | D:6      | HP: 11/49 [gnoll sergeant/+1 trident of freezing (5)]
  6262 | D:6      | 6262 ||| READING 2 scrolls of teleportation.
  6263 | D:6      | 6263 ||| DRINKING potion of heal wounds.
  6265 | D:6      | Found a glowing golden altar of the Shining One.
  6266 | D:6      | 6266 ||| READING scroll of teleportation.
  6364 | D:6      | 6364 ||| Stepping ~*~*~tactically~*~*~ (stealth).
  6534 | D:6      | 6534 ||| Stepping ~*~*~tactically~*~*~ (hiding).
  6563 | D:6      | 6563 ||| Stepping ~*~*~tactically~*~*~ (stealth).
  6575 | D:6      | HP: 12/49 [gnoll sergeant/+1 trident of freezing (1)]
  6576 | D:6      | HP: 5/49 [gnoll/+0 halberd[a gnoll sergeant] (7)]
  6577 | D:6      | HP: 2/49 [gnoll sergeant/+1 trident of freezing (2)]
  6579 | D:6      | Slain by a gnoll

Levels and vault maps discovered:
D:1:      heliophobic_arrival_henge, layout_loops_cross,
          ebering_ecumenical_altar_rust
D:2:      layout_basic
D:3:      layout_basic
D:4:      layout_basic
D:5:      layout_cave_pools, temple_hall, minmay_misc_feat_plants,
          nicolae_shop_overcharged_wands
D:6:      layout_basic, nicolae_overflow_two_pavilions
Temple:   chequers_temple_sunken

Skill      XL: |  1  2  3  4  5  6  7  8 |
---------------+-------------------------+-----
Axes           | 2 3 4 5 6 7 |  7.0
Fighting       | 4 5 |  5.1
Dodging        | 1 |  1.8
Throwing       | 1 |  1.5
Armour         | |  3.5
Shields        | |  3.2

Action                   |  1- 3 |  4- 6 |  7- 9 || total
-------------------------+-------+-------+-------++-------
Melee: War axe           |   149 |   121 |   119 ||   389
Throw: Boomerang         |       |       |    16 ||    16
  Use: Scroll            |     7 |     5 |     5 ||    17
       Potion            |       |     1 |     3 ||     4
Armor: Scale mail        |    46 |       |       ||    46
       Chain mail        |    51 |    63 |    95 ||   209
Dodge: Dodged            |    77 |    38 |    48 ||   163
Block: Buckler           |    22 |    19 |    21 ||    62

Table legend:
 A = Non-vault XP
 B = Vault XP
 C = Vault XP percentage of total XP
 D = Non-vault monster count
 E = Vault monster count
 F = Vault count percentage of total count
                 A         B        C        D         E       F
            +---------+---------+-------+---------+---------+-------
      Total |    1356 |       0 |   0.0 |     105 |       0 |   0.0
            +---------+---------+-------+---------+---------+-------
        D:1 |      44 |       0 |   0.0 |      27 |       0 |   0.0
        D:2 |      30 |       0 |   0.0 |      16 |       0 |   0.0
        D:3 |     154 |       0 |   0.0 |      20 |       0 |   0.0
        D:4 |     208 |       0 |   0.0 |      16 |       0 |   0.0
        D:5 |     776 |       0 |   0.0 |      22 |       0 |   0.0
        D:6 |     144 |       0 |   0.0 |       4 |       0 |   0.0
            +---------+---------+-------+---------+---------+-------
